 Dungeon Crawl Stone Soup version 0.28.0-43-g3370ac3207 (webtiles) character file.

Game seed: 9455418167972366005

79 croobank the Firebug (level 4, 0/32 HPs)
             Began as a Gnoll Fire Elementalist on Mar 16, 2022.
             Slain by a jelly (3 damage)
             ... on level 2 of the Dungeon.
             The game lasted 00:05:11 (1913 turns).

croobank the Firebug (Gnoll Fire Elementalist)      Turns: 1913, Time: 00:05:12

Health: 0/32       AC: -1    Str:  8    XL:     4   Next: 38%
Magic:  2/11       EV: 13    Int: 16    God:
Gold:   87         SH:  0    Dex: 12    Spells: 6/13 levels left

rFire   + . .      SeeInvis .   q - staff of fire
rCold   . . .      Faith    .   (no shield)
rNeg    . . .      Spirit   .   a - +0 robe
rPois   .          Reflect  .   (no helmet)
rElec   .          Harm     .   (no cloak)
rCorr   .          Rampage  .   (no gloves)
Will    .....                   (no boots)
Stlth   ++........              (no amulet)
HPRegen 0.10/turn               (no ring)
MPRegen 0.12/turn               (no ring)

@: corroded
A: fangs 1, strong nose, distributed training
a: no special abilities


You were on level 2 of the Dungeon.
You visited 1 branch of the dungeon, and saw 2 of its levels.

You collected 87 gold pieces.

Inventory:

Hand Weapons
 d - a +0 short sword
 i - a +0 quarterstaff
Missiles
 f - 36 stones
 h - 10 poisoned darts
Armour
 a - a +0 robe (worn)
Magical Staves
 q - a staff of fire (weapon)
Scrolls
 e - a scroll of summoning {unknown}
 g - a scroll of torment {unknown}
 k - a scroll of noise {unknown}
 n - 2 scrolls of magic mapping {unknown}
 p - 3 scrolls of brand weapon {unknown}
Potions
 b - 3 potions of curing {unknown}
 c - a potion of degeneration {unknown}
 j - a potion of might {unknown}
 l - a potion of heal wounds {unknown}
 m - a potion of mutation {unknown}
 o - a potion of lignification {unknown}


   Skills:
 + Level 1.1 Fighting
 + Level 1.1 Short Blades
 + Level 1.1 Long Blades
 + Level 1.1 Axes
 + Level 1.1 Maces & Flails
 + Level 1.1 Polearms
 + Level 1.1 Staves
 + Level 1.1 Slings
 + Level 1.1 Bows
 + Level 1.1 Crossbows
 + Level 1.1 Throwing
 + Level 1.1 Armour
 + Level 4.6 Dodging
 + Level 4.2 Stealth
 + Level 1.1 Shields
 + Level 1.1 Unarmed Combat
 + Level 5.1 Spellcasting
 + Level 2.2 Conjurations
 + Level 0.9 Hexes
 + Level 0.9 Summonings
 + Level 0.9 Necromancy
 + Level 0.9 Translocations
 + Level 0.9 Transmutations
 + Level 5.4 Fire Magic
 + Level 0.9 Ice Magic
 + Level 0.9 Air Magic
 + Level 0.9 Earth Magic
 + Level 0.9 Poison Magic
 + Level 1.2 Invocations
 + Level 1.1 Evocations


You had 6 spell levels left.
You knew the following spells:

 Your Spells              Type           Power      Damage    Failure   Level
a - Foxfire               Conj/Fire      96%        2x1d8     3%          1
b - Scorch                Fire           64%        2d8       2%          2
c - Flame Wave            Conj/Fire      24%        2d7       30%         4

Your spell library contained the following spells:

 Spells                   Type           Power      Damage    Failure   Level
 Conjure Flame            Conj/Fire      24%        6-21      10%         3
 Inner Flame              Hex/Fire       21%        N/A       12%         3


Dungeon Overview and Level Annotations

Branches:
Dungeon (2/15)

Altars:


Innate Abilities, Weirdness & Mutations

You have very sharp teeth.
Your uncanny sense of smell can sniff out nearby items.
Your experience applies equally to all skills.


Message History

The endoplasm quivers. x3
The endoplasm quivers.
The endoplasm freezes you.
You are frozen.
You see here a +0 dagger.
Casting: Scorch (safe; 2% risk of failure)
Confirm with . or Enter, or press ? or * to list all spells.
You feel a surge of power!
Flames lash the endoplasm.
The endoplasm is severely wounded.
The endoplasm's fire resistance burns away.
The endoplasm hits you.
You hit the endoplasm but do no damage. You bite the endoplasm.
The endoplasm is severely wounded.
The endoplasm freezes you.
You are frozen.
Casting: Scorch (safe; 2% risk of failure)
Confirm with . or Enter, or press ? or * to list all spells.
You don't have enough magic to cast this spell.
You barely miss the endoplasm.
The endoplasm is severely wounded.
Something hits the fungus.
The fungus begins to die.
The endoplasm completely misses you.
You hit the endoplasm but do no damage. You burn the endoplasm!
You kill the endoplasm!
Something hits the fungus.
You hit the endoplasm but do no damage. The endoplasm barely misses you.
You hit the endoplasm.
The endoplasm is severely wounded.
A nearby fungus withers and dies.
The endoplasm closely misses you.
You hit the jelly. You burn the jelly.
Your hands burn!
The jelly is heavily wounded.
You hit the jelly.
Your hands burn!
The jelly is heavily wounded.
The jelly hits you. The acid corrodes you!
You are splashed with acid!
* * * LOW HITPOINT WARNING * * *
You hit the jelly.
Your hands burn!
* * * LOW HITPOINT WARNING * * *
The jelly is severely wounded.
The jelly hits you.
You die...

##########
#...P..÷.$
#.P.J.P.J.
#÷...JP.P.
#...P...P÷
#.JJ..J...
#JJJ......
...
#J#######
#.#
##@.....##
..
########.#
#.
#....'..##
#.
#....####
####.
#...)...#
#...#
#.......#
#...#
#.......#
#...#
#.......#
#...#
##.))).##
#.###..†#


You could see 2 jellies and 2 endoplasms.

Vanquished Creatures
  A gnoll (D:1)
  2 adders (D:2)
  A worm (D:2)
  2 dart slugs (D:2)
  6 endoplasms
  3 giant cockroaches (D:2)
  A goblin (D:2)
  3 hobgoblins
  4 jackals (D:1)
  10 kobolds
  A quokka (D:1)
  3 ball pythons
  2 bats
  2 frilled lizards
  A rat (D:1)
42 creatures vanquished.

Vanquished Creatures (others)
  64 foxfires
  2 fungi (D:2)
  9 toadstools (D:2)
75 creatures vanquished.

Grand Total: 117 creatures vanquished

Notes
Turn   | Place    | Note
-------+----------+-------------------------------------------
     0 | D:1      | croobank the Gnoll Fire Elementalist began the quest for
                  | the Orb.
     0 | D:1      | Reached XP level 1. HP: 13/13 MP: 6/6
    60 | D:1      | Found a faded altar of an unknown god.
   170 | D:1      | Reached XP level 2. HP: 9/19 MP: 0/7
   427 | D:1      | Learned a level 2 spell: Scorch
   769 | D:1      | Reached XP level 3. HP: 25/25 MP: 1/9
   908 | D:1      | Reached skill level 5 in Spellcasting
  1404 | D:2      | Reached skill level 1 in Invocations
  1585 | D:2      | Reached skill level 1 in Fighting
  1585 | D:2      | Reached skill level 1 in Short Blades
  1585 | D:2      | Reached skill level 1 in Long Blades
  1585 | D:2      | Reached skill level 1 in Axes
  1585 | D:2      | Reached skill level 1 in Maces & Flails
  1585 | D:2      | Reached skill level 1 in Polearms
  1585 | D:2      | Reached skill level 1 in Staves
  1585 | D:2      | Reached skill level 1 in Slings
  1585 | D:2      | Reached skill level 1 in Bows
  1585 | D:2      | Reached skill level 1 in Crossbows
  1585 | D:2      | Reached skill level 1 in Throwing
  1585 | D:2      | Reached skill level 1 in Armour
  1585 | D:2      | Reached skill level 1 in Shields
  1585 | D:2      | Reached skill level 1 in Unarmed Combat
  1585 | D:2      | Reached skill level 1 in Evocations
  1679 | D:2      | Reached XP level 4. HP: 29/32 MP: 3/11
  1823 | D:2      | Learned a level 4 spell: Flame Wave
  1913 | D:2      | Slain by a jelly

Illustrated notes

Levels and vault maps discovered:
D:1:      psy_arrival_fountain, layout_loops_corners, basic_ecumenical_altar
D:2:      cheibrodos_fertilizer, layout_basic, chequers_serial_rivers_micro_a,
          minmay_three_crescents

Skill      XL: |  1  2  3 |
---------------+----------+-----
Conjurations   | 2 |  2.2
Spellcasting   | 5 |  5.1
Invocations    | 1 |  1.2
Fighting       | 1 |  1.1
Short Blades   | 1 |  1.1
Long Blades    | 1 |  1.1
Axes           | 1 |  1.1
Maces & Flails | 1 |  1.1
Polearms       | 1 |  1.1
Staves         | 1 |  1.1
Slings         | 1 |  1.1
Bows           | 1 |  1.1
Crossbows      | 1 |  1.1
Throwing       | 1 |  1.1
Armour         | 1 |  1.1
Shields        | 1 |  1.1
Unarmed Combat | 1 |  1.1
Evocations     | 1 |  1.1
Dodging        | |  4.6
Stealth        | |  4.2
Hexes          | |  0.9
Summonings     | |  0.9
Necromancy     | |  0.9
Translocations | |  0.9
Transmutations | |  0.9
Fire Magic     | |  5.4
Ice Magic      | |  0.9
Air Magic      | |  0.9
Earth Magic    | |  0.9
Poison Magic   | |  0.9

Action                   |  1- 3 |  4- 6 || total
-------------------------+-------+-------++-------
Melee: Short sword       |     9 |       ||     9
       Quarterstaff      |     5 |     7 ||    12
       Bite              |     1 |     1 ||     2
       Staff             |       |    10 ||    10
 Cast: Foxfire           |    36 |     2 ||    38
       Scorch            |     9 |     9 ||    18
Armor: Robe              |     4 |     1 ||     5
Dodge: Dodged            |    24 |    13 ||    37
